 Dungeon Crawl Stone Soup version 0.26-a0-651-gb41185065b (webtiles) character file.

Game seed: 15809407791757444589

(classic levelgen) 63161 EnegeticOcto the Cleaver (level 14, -9/129 HPs)
             Began as a Deep Dwarf Fighter on Oct 17, 2020.
             Was the Champion of Makhleb.
             Mangled by an orc knight
             ... wielding a +1 great sword
              (13 damage)
             ... on level 2 of the Orcish Mines.
             The game lasted 00:09:49 (10239 turns).

EnegeticOcto the Cleaver (Deep Dwarf Fighter)      Turns: 10239, Time: 00:09:50

Health: -9/129     AC: 28    Str: 24    XL:     14   Next: 67%
Magic:  2/2        EV:  9    Int: 10    God:    Makhleb [******]
Gold:   897        SH:  0    Dex: 12    Spells: 13/13 levels left

rFire    + + .     SeeInvis +   c - +9 battleaxe
rCold    . . .     Faith    .   (shield currently unavailable)
rNeg     + . .     Spirit   .   I - +1 crystal plate armour
rPois    .         Reflect  .   l - +0 helmet
rElec    +         Harm     .   (no cloak)
rCorr    +         Rampage  .   e - +0 pair of gloves
MR       ++...                  E - +0 pair of boots "Kuzxuas" {rElec rF+ rCorr SInv}
Stlth    ..........             p - amulet of the acrobat
HPRegen  0.00/turn              n - ring of protection from fire
MPRegen  0.08/turn              (no ring)

@: non-regenerating
A: damage resistance, heal wounds, negative energy resistance 1, sense
surroundings 2, no regeneration
a: Heal Wounds, Minor Destruction, Lesser Servant of Makhleb, Major Destruction,
Greater Servant of Makhleb, Renounce Religion


You were on level 2 of the Orcish Mines.
You worshipped Makhleb.
Makhleb was exalted by your worship.
You visited 3 branches of the dungeon, and saw 18 of its levels.
You also visited: Bailey.

You collected 1359 gold pieces.
You spent 462 gold pieces at shops.

Inventory:

Hand Weapons
 c - a +9 battleaxe (weapon)
 m - a +2 short sword of distortion
Armour
 e - a +0 pair of gloves (worn)
 l - a +0 helmet (worn)
 E - the +0 pair of boots "Kuzxuas" (worn) {rElec rF+ rCorr SInv}
   (You bought it in a shop on level 1 of the Orcish Mines)

   It protects you from fire.
   It insulates you from electricity.
   It lets you see invisible.
   It provides partial protection from all sources of acid and corrosion.
 I - a +1 crystal plate armour (worn)
Jewellery
 n - a ring of protection from fire (left hand)
 p - an amulet of the acrobat (around neck)
Wands
 r - a wand of iceblast (12) {@v2}
 w - a wand of polymorph (4)
 C - a wand of disintegration (44)
 H - a wand of paralysis (11)
 J - a wand of enslavement (18)
Scrolls
 a - a scroll of holy word
 b - 13 scrolls of identify {@r1}
 f - 7 scrolls of remove curse {@r2}
 i - 3 scrolls of teleportation {@r3}
 s - a scroll of blinking
 y - 3 scrolls of magic mapping {@r5}
Potions
 d - 2 potions of might {@q3}
 g - a potion of cancellation
 h - a potion of ambrosia
 o - 2 potions of haste {@q4}
 t - 3 potions of flight
 u - 5 potions of curing {@q1}
 v - 2 potions of lignification
 x - 2 potions of brilliance
 A - 3 potions of berserk rage
 D - 4 potions of heal wounds {@q2}
Miscellaneous
 B - a tin of tremorstones (1/3)


   Skills:
 + Level 9.4 Fighting
 * Level 14.6 Axes
 + Level 13.6 Armour
 * Level 10.2 Dodging
   Level 8.5 Shields
 * Level 12.8 Invocations


You had 13 spell levels left.
You didn't know any spells.
Your spell library was empty.

Dungeon Overview and Level Annotations

Branches:
Dungeon (15/15)            Temple (1/1) D:7            Lair (0/6) D:8
    Orc (2/2) D:9          Vaults (0/5) D:14         Depths (0/5) D:15
 Bailey (visited)
    Elf: Orc:2

Altars:
Ashenzari
Dithmenos
Elyvilon
Fedhas
Hepliaklqana
Makhleb
Nemelex Xobeh
Okawaru
Trog
Wu Jian
Xom
Zin
Beogh

Shops:
D:7 *   Orc:1 [   Orc:2 [(

Annotations:
D:4 2 transporters
D:5 exclusion: goblin
D:6 3 runed translucent doors, tof's ghost, novice MiMo


Innate Abilities, Weirdness & Mutations

You are resistant to damage.
You can heal yourself by infusing magical energy.
You resist negative energy. (rN+)
You passively map the area around you.
You do not regenerate.


Message History

No target in view!
Things that are here:
a +0 battleaxe; a +0 plate armour
Things that are here:
a +3 great sword of holy wrath; a +0 chain mail
There is an entrance to Diacufum's Antique Armour Emporium here.
Things that are here:
a +0 battleaxe; a +0 plate armour
There is an open door, spattered with blood here.
You open the door.
An orc warrior and an orc knight come into view.
The orc warrior shouts!
You hear a shout!
The orc knight roars a battlecry!
The orc warrior goes into a battle-frenzy!
Found Babloema's Weapon Shoppe.
There are monsters nearby!
There are monsters nearby!
There are monsters nearby!
An orc warlord comes into view.
It is wielding a +2 war axe of freezing.
The orc warlord shouts!
The orc warrior closely misses you.
The orc warlord hits you but does no damage.
There is an open door here.
You hit the orc warlord but do no damage.
You hit the orc warrior but do no damage.
The orc warlord hits you but does no damage.
You slash the orc warlord!
The orc warlord is lightly wounded.
You closely miss the orc knight. You slash the orc warrior!
The orc warrior barely misses you. The orc knight barely misses you.
You barely miss the orc warrior.
The orc warrior is moderately wounded.
You hit the orc warlord but do no damage.
You slash the orc knight!
The orc warlord roars a battlecry!
The orc knight goes into a battle-frenzy!
The orc warrior barely misses you.
You slice the orc warrior!!
You kill the orc warrior!
Makhleb accepts your kill.
You hit the orc warlord but do no damage.
You hit the orc knight.
The orc knight hits you but does no damage.
The orc warlord hits you with a +2 war axe of freezing!!!
The orc warlord freezes you!
You slice the orc warlord!!
The orc warlord is moderately wounded.
You closely miss the orc knight.
The orc knight hits you with a +1 great sword!
The orc warlord hits you but does no damage.
You slash the orc warlord!
The orc warlord is heavily wounded.
You hit the orc knight but do no damage.
The orc knight closely misses you.
The orc warlord hits you with a +2 war axe of freezing!!
The orc warlord freezes you!
You are too injured to fight recklessly!
You are too injured to fight recklessly!
You are too injured to fight recklessly!
You are too injured to fight recklessly!
You are too injured to fight recklessly!
You are too injured to fight recklessly!
You are too injured to fight recklessly!
You are too injured to fight recklessly!
You are too injured to fight recklessly!
You are too injured to fight recklessly!
You are too injured to fight recklessly!
You are too injured to fight recklessly!
You are too injured to fight recklessly!
You are too injured to fight recklessly!
You are too injured to fight recklessly!
You are too injured to fight recklessly!
You are too injured to fight recklessly!
You are too injured to fight recklessly!
You are too injured to fight recklessly!
You are too injured to fight recklessly!
You are too injured to fight recklessly!
You feel much better.
You feel much better.
The orc warlord hits you with a +2 war axe of freezing!!
The orc warlord freezes you.
The orc knight hits you with a +1 great sword!
A demon appears!
The orc warlord hits you with a +2 war axe of freezing!
* * * LOW HITPOINT WARNING * * *
The orc warlord freezes you.
* * * LOW HITPOINT WARNING * * *
The orc knight barely misses you.
You feel much better.
The orc warlord hits you with a +2 war axe of freezing!
The orc warlord freezes you.
* * * LOW HITPOINT WARNING * * *
The orc knight hits you but does no damage.
You feel much better.
The orc warlord hits you with a +2 war axe of freezing!!!
* * * LOW HITPOINT WARNING * * *
The orc warlord freezes you!!
* * * LOW HITPOINT WARNING * * *
The orc knight hits you with a +1 great sword!
You die...

#.###'########.......
#.....#.....#........
#####.#.....#....<...
#∩.)#.'..⌠..#.....).)
#..)'.#.....#........
#...#.#.....#........
#####.###'###......##
#..o#.#...........###
#..)@.#...........##.
#∩.o#3##.........####
#####+##.......###.##
,##......)##....
#.........#.... *,,
#.....).).)....
#.#........#... ,
,###..))........
###P.........


You could see an orc warlord (strong), an orc knight (strong) and a friendly
neqoxec (summoned).

Vanquished Creatures
  Saint Roka (Orc:2)
  Kirke (D:12)
  An ettin (Orc:1)
  7 vault guards (D:14)
  A centaur warrior (D:14)
  Erica (D:11)
  5 two-headed ogres
  2 orc high priests (Orc:2)
  Sonja (D:12)
  4 skeletal warriors (D:12)
  A wizard (D:14)
  4 unseen horrors
  4 orc knights (Orc:2)
  8 ugly things
  2 wolf spider zombies (D:14)
  3 orc sorcerers (Orc:2)
  A manticore (D:13)
  2 cyclopes
  A centaur zombie (D:14)
  A komodo dragon (D:13)
  A centaur skeleton (D:14)
  7 trolls
  3 hippogriffs
  Sigmund (D:4)
  A wyvern (D:14)
  A shadow (D:15)
  6 hogs (D:12)
  20 yaks
  Eustachio (D:4)
  3 wargs
  3 ice beasts
  43 orc warriors
  5 sky beasts
  2 black bears
  2 hornet zombies
  3 necrophages
  14 ogres
  3 phantoms
  2 wolves (D:8)
  16 centaurs
  2 crocodiles
  15 bullfrogs
  Blork the orc (D:5)
  3 big kobolds
  A wyvern zombie (D:7)
  A wyvern skeleton (D:14)
  2 scorpions
  18 wights
  5 electric eels (D:8)
  2 howler monkeys
  4 bullfrog zombies
  A jelly (D:8)
  12 hounds
  Ijyb (D:4)
  35 orc priests
  39 orc wizards
  6 bullfrog skeletons
  5 iguanas
  Natasha (thrice) (D:3)
  14 worker ants
  5 gnolls
  5 adders
  A shadow imp (D:9)
  A white imp (D:5)
  An ufetubus (D:7)
  An ooze (D:2)
  2 adder skeletons
  An adder zombie (D:7)
  5 leopard geckos
  150 orcs
  2 ball pythons
  A giant cockroach (D:3)
  4 goblins
  4 hobgoblins
  5 quokkas
  5 bats
  5 frilled lizards
  23 kobolds
  25 rats
604 creatures vanquished.

Vanquished Creatures (collateral kills)
  An orc warlord (Bailey)
  3 orc warriors
4 creatures vanquished.

Vanquished Creatures (others)
  2 fungi (D:6)
  4 plants (D:6)
6 creatures vanquished.

Grand Total: 614 creatures vanquished

Notes
Turn   | Place    | Note
-------+----------+-------------------------------------------
     0 | D:1      | EnegeticOcto the Deep Dwarf Fighter began the quest for the
                  | Orb.
     0 | D:1      | Reached XP level 1. HP: 20/20 MP: 1/1
    90 | D:2      | Reached XP level 2. HP: 18/27 MP: 2/2
   104 | D:2      | Reached skill level 3 in Axes
   104 | D:2      | Reached XP level 3. HP: 16/33 MP: 2/2
   105 | D:2      | HP: 1/33 [gnoll (4)]
   277 | D:2      | Reached XP level 4. HP: 29/42 MP: 3/3
   409 | D:3      | Noticed Natasha
   416 | D:3      | Killed Natasha
   416 | D:3      | Reached skill level 4 in Axes
   607 | D:3      | Reached XP level 5. HP: 35/49 MP: 4/4
   748 | D:3      | Noticed Natasha
   756 | D:3      | Killed Natasha
   827 | D:3      | Noticed Natasha
   831 | D:3      | Killed Natasha
   890 | D:4      | Found a transporter.
   892 | D:4      | Found a transporter.
   951 | D:4      | Noticed an ogre
   965 | D:4      | Killed an ogre
   965 | D:4      | Reached XP level 6. HP: 43/57 MP: 5/5
  1033 | D:4      | Noticed Ijyb
  1034 | D:4      | Noticed Eustachio
  1064 | D:4      | Killed Ijyb
  1064 | D:4      | Reached skill level 5 in Axes
  1090 | D:4      | Killed Eustachio
  1132 | D:4      | Noticed Sigmund
  1152 | D:4      | Killed Sigmund
  1152 | D:4      | Reached skill level 5 in Armour
  1152 | D:4      | Reached skill level 5 in Shields
  1152 | D:4      | Reached XP level 7. HP: 38/64 MP: 5/5
  1575 | D:5      | Entered Level 5 of the Dungeon
  1575 | D:5      | Found a glowing drain.
  1591 | D:5      | Reached skill level 6 in Axes
  1869 | D:5      | Reached XP level 8. HP: 43/73 MP: 5/5
  2001 | D:5      | Noticed Blork the orc
  2013 | D:5      | Killed Blork the orc
  2185 | D:5      | Found an iron altar of Okawaru.
  2397 | D:6      | Reached skill level 7 in Axes
  2418 | D:6      | Reached skill level 5 in Fighting
  2435 | D:6      | Reached skill level 8 in Axes
  2556 | D:6      | Gained mutation: You passively map the area around you.
                  | [Deep Dwarf growth]
  2556 | D:6      | Reached XP level 9. HP: 33/81 MP: 5/5
  2873 | D:6      | Found a runed translucent gate.
  2873 | D:6      | Found a runed translucent gate.
  2873 | D:6      | Found a runed translucent gate.
  2878 | D:6      | Noticed a kobold demonologist
  2879 | D:6      | Noticed tof's ghost (novice MiMo)
  2879 | D:6      | Identified the +0 short sword of Thoughtfulness {elec, rF+
                  | Int+2 Dex-2}
  3096 | D:7      | Reached skill level 9 in Axes
  3161 | D:7      | Found a staircase to the Ecumenical Temple.
  3170 | Temple   | Entered the Ecumenical Temple
  3224 | Temple   | Became a worshipper of Makhleb the Destroyer
  3271 | D:7      | Noticed a two-headed ogre
  3288 | D:7      | Killed a two-headed ogre
  3364 | D:7      | Killed an unseen horror
  3364 | D:7      | Reached skill level 10 in Axes
  3364 | D:7      | Reached XP level 10. HP: 46/92 MP: 5/5
  3476 | D:7      | Found Aneun's General Store.
  3479 | D:7      | Bought a scroll of teleportation for 39 gold pieces
  3629 | D:7      | Found a broken altar of Ashenzari.
  3792 | D:8      | Reached * piety under Makhleb
  3845 | D:8      | Found a staircase to the Lair.
  3951 | D:8      | Found a hazy altar of Hepliaklqana.
  4051 | D:8      | Reached ** piety under Makhleb
  4059 | D:8      | Found a shimmering altar of Xom.
  4148 | D:8      | Got a pair of dazzling gloves
  4153 | D:8      | Identified the +0 pair of gloves of the Yeti {-Tele rElec
                  | Int+4} (You found it on level 8 of the Dungeon)
  4299 | D:8      | Found a blossoming altar of Fedhas.
  4386 | D:9      | Reached skill level 11 in Axes
  4404 | D:9      | Found a staircase to the Orcish Mines.
  4422 | D:9      | Reached skill level 5 in Invocations
  4987 | D:9      | Found a shadowy altar of Dithmenos.
  5167 | D:10     | Entered Level 10 of the Dungeon
  5191 | D:10     | Reached *** piety under Makhleb
  5272 | D:10     | Reached skill level 1 in Dodging
  5411 | D:10     | Noticed a two-headed ogre
  5417 | D:10     | Killed a two-headed ogre
  5417 | D:10     | Reached XP level 11. HP: 100/100 MP: 5/5
  5762 | D:11     | Noticed a purple ugly thing
  5762 | D:11     | Noticed Erica
  5770 | D:11     | Killed a purple ugly thing
  5782 | D:11     | Killed Erica
  5961 | D:11     | You fall into a shaft and drop 2 floors!
  6259 | D:13     | Reached skill level 12 in Axes
  6327 | D:13     | Reached **** piety under Makhleb
  6361 | D:13     | Noticed a red ugly thing
  6370 | D:13     | Killed a red ugly thing
  6461 | D:13     | Found a flagged portal.
  6540 | Bailey   | Entered a bailey
  6545 | Bailey   | Noticed an orc warlord
  6597 | Bailey   | Found a runed translucent gate.
  6597 | Bailey   | Found a runed translucent gate.
  6597 | Bailey   | Found a runed translucent gate.
  6691 | Bailey   | Killed an orc warlord
  6714 | Bailey   | Identified a scroll of acquirement
  6714 | Bailey   | Acquired a +1 crystal plate armour
  6735 | Bailey   | Reached XP level 12. HP: 92/110 MP: 8/8
  6793 | D:13     | Reached skill level 5 in Dodging
  7164 | D:14     | Reached XP level 13. HP: 117/117 MP: 9/9
  7259 | D:14     | Reached skill level 13 in Axes
  7265 | D:14     | Reached skill level 10 in Invocations
  7288 | D:14     | Found a gate to the Vaults.
  7301 | D:14     | Reached ***** piety under Makhleb
  8014 | D:15     | Entered Level 15 of the Dungeon
  8061 | D:15     | Found a staircase to the Depths.
  8061 | D:15     | Noticed a fire giant
  8190 | D:12     | Noticed Sonja
  8193 | D:12     | Killed Sonja
  8281 | D:12     | Noticed Kirke
  8301 | D:12     | Killed Kirke
  8301 | D:12     | Gained mutation: You resist negative energy. (rN+) [Deep
                  | Dwarf growth]
  8301 | D:12     | Reached XP level 14. HP: 127/127 MP: 10/10
  8480 | D:12     | You fall into a shaft and drop 3 floors!
  8727 | Orc:1    | Entered Level 1 of the Orcish Mines
  8735 | Orc:1    | Reached ****** piety under Makhleb
  8760 | Orc:1    | Reached skill level 14 in Axes
  8829 | Orc:1    | Found a roughly hewn altar of Beogh.
  8998 | Orc:1    | Found Ykeci Tim's Armour Shop.
  9008 | Orc:1    | Bought the +0 pair of boots "Kuzxuas" {rElec rF+ rCorr
                  | SInv} for 423 gold pieces
  9424 | Orc:2    | Entered Level 2 of the Orcish Mines
  9766 | Orc:2    | Noticed Saint Roka
  9839 | Orc:2    | Killed Saint Roka
  9849 | Orc:2    | Reached skill level 10 in Dodging
 10121 | Orc:2    | Found a roughly hewn altar of Beogh.
 10206 | Orc:2    | Found Diacufum's Antique Armour Emporium.
 10227 | Orc:2    | Found Babloema's Weapon Shoppe.
 10228 | Orc:2    | Noticed an orc warlord
 10239 | Orc:2    | HP: 4/129 [orc warlord/+2 war axe of freezing (18)]
 10239 | Orc:2    | Mangled by an orc knight

Illustrated notes

Levels and vault maps discovered:
D:1:      minmay_arrival_stone_box, layout_basic
D:2:      layout_basic, minmay_rat_hole
D:3:      layout_loops_ring, uniq_natasha
D:4:      gammafunk_wand_slinger, layout_gridville, serial_bayou_lagoon_a,
          uniq_ijyb, uniq_sigmund, uniq_eustachio
D:5:      layout_gridville, kennysheep_okawaru_gauntlet, gup_sewer_entry_glass,
          uniq_blork_the_orc
D:6:      corexii_shack_village, layout_rooms, gammafunk_ghost_nasty_kobolds,
          nicolae_underground_beach
D:7:      layout_rooms, kennysheep_little_box, minmay_temple_entry_wispy,
          serial_shops, nicolae_shop_window_shopping
D:8:      layout_rooms, lemuel_doored_altar, tgw_xom, erik_lair_island,
          fedhas_altar_fruit_tree
D:9:      layout_loops_ring, grunt_dithmenos_shadows, david_orc_3
D:10:     layout_small_grid
D:11:     layout_cave_pods, serial_shops, nicolae_shop_trees, uniq_erica
D:12:     layout_roguey, minmay_misc_feat_doors, uniq_kirke, uniq_sonja,
          uniq_jorgrun
D:13:     layout_loops_ring, enter_bailey_8
D:14:     layout_irregular_city, erik_vaults_2, patterned_corridor,
          minivault_22, minmay_starry_boxes
D:15:     grunt_enter_depths_giant_problem, layout_grid_maze
Temple:   minmay_crystal_spiral_temple
Orc:1:    layout_diamond_mine, serial_shops, shop, basic_altar
Orc:2:    pubby_orc_utopia, serial_shops

Skill      XL: |  1  2  3  4  5  6  7  8  9 10 11 12 13 14 |
---------------+-------------------------------------------+-----
Axes           | 3 4 5 6 8 10 11 12 13 14 | 14.6
Fighting       | 3 4 5 6 7 8 9 |  9.4
Armour         | 4 5 6 7 8 12 13 | 13.6
Shields        | 4 5 6 7 8 |  8.5
Invocations    | 3 6 8 9 11 12 | 12.8
Dodging        | 1 4 5 8 10 | 10.2

Action                   |  1- 3 |  4- 6 |  7- 9 | 10-12 | 13-15 || total
-------------------------+-------+-------+-------+-------+-------++-------
Melee: War axe           |    73 |   133 |   332 |   274 |       ||   812
       Battleaxe         |       |       |       |   268 |   585 ||   853
Invok: Lesser Servant of |       |       |       |     2 |     3 ||     5
 Abil: Heal Wounds       |     3 |     7 |    13 |    17 |    39 ||    79
Evoke: Wand              |       |       |       |     4 |     5 ||     9
       Tin of tremorston |       |       |       |       |     3 ||     3
  Use: Scroll            |       |       |       |    24 |     2 ||    26
       Potion            |       |       |       |     1 |     1 ||     2
Armor: Scale mail        |    48 |   133 |    78 |       |       ||   259
       Chain mail        |       |       |   102 |    42 |       ||   144
       Plate armour      |       |       |       |   253 |       ||   253
       Crystal plate arm |       |       |       |   108 |   591 ||   699
Dodge: Dodged            |    34 |    67 |   138 |   250 |   382 ||   871
Block: Kite shield       |    47 |   109 |   211 |   203 |       ||   570

Table legend: (Time is in decaauts)
 A = Elapsed time spent in this place.
 B = Non-inter-level travel time spent in this place.
 C = Inter-level travel time spent in this place.
 D = Time resting spent in this place.
 E = Time spent auto-exploring this place.
 F = Levels seen in this place.
 G = Mean time per level.
                   A        B        C        D        E       F      G
               +--------+--------+--------+--------+--------+-----+--------+
         Total |  10435 |   9411 |   1024 |      0 |   6108 |  19 |  549.2 |
       Dungeon |   9002 |   8029 |    973 |      0 |   5439 |  15 |  600.1 |
        Temple |     61 |     32 |     29 |      0 |     30 |   1 |   61.0 |
  Orcish Mines |   1166 |   1145 |     21 |      0 |    584 |   2 |  583.0 |
        Bailey |    204 |    204 |      0 |      0 |     54 |   1 |  204.0 |
               +--------+--------+--------+--------+--------+-----+--------+

Top non-repeatable levels by time:
    D:13: 1037 daAuts
    D:14: 1010 daAuts
     D:9: 835 daAuts
     D:5: 835 daAuts
   Orc:2: 811 daAuts
     D:4: 753 daAuts
     D:6: 684 daAuts
    D:10: 683 daAuts
     D:8: 681 daAuts
     D:7: 600 daAuts
     D:3: 463 daAuts
    D:12: 458 daAuts
     D:2: 394 daAuts
    D:11: 358 daAuts
   Orc:1: 354 daAuts
